 Dungeon Crawl Stone Soup version 0.22.1-2-g9c5b331383 (webtiles) character file.

60 Knicklaso the Magician (level 3, -1/24 HPs)
             Began as a Demonspawn Wizard on Nov 24, 2018.
             Was an Initiate of Sif Muna.
             Slain by Terence
             ... wielding a +0 hand axe
              (7 damage)
             ... on level 2 of the Dungeon.
             The game lasted 00:06:53 (2561 turns).

Knicklaso the Magician (Demonspawn Wizard)          Turns: 2561, Time: 00:06:54

Health: -1/24      AC:  3    Str:  7    XL:     3   Next: 82%
Magic:  4/7        EV: 12    Int: 20    God:    Sif Muna [......]
Gold:   118        SH:  0    Dex: 11    Spells: 5/8 levels left

rFire    . . .     SeeInvis .   o - +0 spear
rCold    . . .     Gourm    .   (no shield)
rNeg     . . .     Faith    .   a - +0 robe
rPois    .         Spirit   .   b - +0 hat
rElec    .         Reflect  .   (no cloak)
rCorr    .         Harm     .   g - +0 pair of gloves
MR       .....                  (no boots)
Stlth    ++........             (no amulet)
HPRegen  0.08/turn              (no ring)
MPRegen  0.10/turn              (no ring)

@: very slightly contaminated
A: powered by pain 1
a: Renounce Religion


You were on level 2 of the Dungeon.
You worshipped Sif Muna.
Sif Muna was noncommittal.
You were very hungry.

You visited 1 branch of the dungeon, and saw 3 of its levels.

You collected 118 gold pieces.

Inventory:

Hand Weapons
 o - a +0 spear (weapon)
Missiles
 c - 7 tomahawks of returning (quivered)
Armour
 a - a +0 robe (worn)
 b - a +0 hat (worn)
 g - a +0 pair of gloves (worn)
 j - a +0 buckler
Jewellery
 n - an uncursed ring of stealth {unknown}
Scrolls
 e - 2 scrolls of identify {unknown}
 f - 3 scrolls of teleportation {unknown}
 l - a scroll of noise {unknown}
 m - a scroll of amnesia {unknown}
Potions
 i - a potion of heal wounds {unknown}
 p - a potion of degeneration {unknown}
 q - a potion of agility {unknown}
Comestibles
 d - 6 rations


   Skills:
 - Level 0.1 Fighting
 - Level 1.7 Dodging
 - Level 1.7 Stealth
 * Level 2.0 Shields
 + Level 3.4 Spellcasting
 - Level 1.4 Conjurations
 + Level 1.7 Summonings
   Level 0.8 Translocations


You had 5 spell levels left.
You knew the following spells:

 Your Spells              Type           Power        Failure   Level  Hunger
a - Magic Dart            Conj           #...         8%          1    None
b - Call Imp              Summ           ##......     11%         2    ##.....

Your spell library contained the following spells:

 Spells                   Type           Power        Failure   Level  Hunger
 Blink                    Tloc           N/A          14%         2    ##.....
 Slow                     Hex            #.......     21%         2    ##.....
 Conjure Flame            Conj/Fire      #.......     30%         3    ###....
 Mephitic Cloud           Conj/Pois/Air  #.......     34%         3    ###....


Dungeon Overview and Level Annotations

Branches:
Dungeon (3/15)

Altars:
Ashenzari
Sif Muna

Annotations:
D:2 Terence


Innate Abilities, Weirdness & Mutations

You sometimes gain a little power by taking damage.


Message History

You are feeling very hungry.
Casting: Call Imp (safe; 11% risk of failure)
Confirm with . or Enter, or press ? or * to list all spells.
A beastly little devil appears in a puff of frigid air.
Terence barely misses you.
Throwing (i - inventory)
c - 7 tomahawks of returning (quivered)
Press: ? - help, Shift-Dir - straight line, f/p - Terence
Aim: Terence, wielding a hand axe and wearing a ring mail (heavily wounded)
Okay, then.
Casting: Call Imp (safe; 11% risk of failure)
Confirm with . or Enter, or press ? or * to list all spells.
Aiming: Magic Dart (safe; 8% risk of failure)
Press: ? - help, Shift-Dir - straight line, f/p - Terence
Aim: Terence, wielding a hand axe and wearing a ring mail (heavily wounded)
You miscast Magic Dart.
You are very lightly contaminated with residual magic.
Nothing appears to happen.
Your white imp barely misses Terence.
Terence says, "You're history."
Terence hits you with a hand axe!
You die...

.....###........##......_........
.............#...(<...(#.######..
.....###.....#.#.................
#...## ###...#..............#....
..#.## #......................#
###..# #.#.....#...........<...
..##.#####.......#...............
..##.>##....5.##.#............#..
..##..........##@............[...
.......#.......@............#...#
...###........####..........#.).#
..## ##.......# #....).....#.#..
..# ##......# #########....#.#
..# #......# ##.....#.. ..#
#....### #.......#. ..# ##...#
#.......## ### #.<.# #.......##


You could see Terence.

Vanquished Creatures
  An adder (D:2)
  An ooze (D:1)
  2 worms (D:2)
  7 bats
  A giant cockroach (D:1)
  5 goblins
  4 hobgoblins
  4 jackals (D:2)
  A ball python (D:2)
  4 frilled lizards
  3 kobolds
  7 rats
40 creatures vanquished.

Notes
Turn   | Place    | Note
-------+----------+-------------------------------------------
     0 | D:1      | Knicklaso the Demonspawn Wizard began the quest for the
                  | Orb.
     0 | D:1      | Reached XP level 1. HP: 13/13 MP: 4/4
   390 | D:1      | Gained mutation: You sometimes gain a little power by
                  | taking damage. [demonic ancestry]
   390 | D:1      | Reached XP level 2. HP: 18/19 MP: 1/6
   441 | D:1      | Learned a level 2 spell: Call Imp
   445 | D:1      | Found a shattered altar of Ashenzari.
   568 | D:1      | Reached skill level 1 in Shields
  1117 | D:2      | Found a deep blue altar of Sif Muna.
  1226 | D:2      | Reached XP level 3. HP: 19/24 MP: 2/7
  1230 | D:2      | Became a worshipper of Sif Muna the Loreminder
  2343 | D:3      | Noticed Terence
  2386 | D:2      | HP: 1/24 [Terence/hand axe (7)]
  2561 | D:2      | Slain by Terence

Skill      XL: |  1  2  3 |
---------------+----------+-----
Shields        | 1 2 |  2.0
Fighting       | |  0.1
Dodging        | |  1.7
Stealth        | |  1.7
Spellcasting   | |  3.4
Conjurations   | |  1.4
Summonings     | |  1.7
Translocations | |  0.8

Action                   || total
-------------------------++-------
Melee: Unarmed           ||    12
       Spear             ||    56
 Cast: Magic Dart        ||   119
       Call Imp          ||     3
  Use: Potion            ||     3
 Stab: Sleeping          ||     1
  Eat: Chunk             ||     4
Armor: Robe              ||    28
Dodge: Dodged            ||    70
